Hershey Bears vs Lowell Devils

Created - 31 mars 2020 at 20:09

Goals
1 2 3 T
Hershey Bears 2 2 2 6
Lowell Devils 0 1 1 2
Shots
1 2 3 T
Hershey Bears 12 13 15 40
Lowell Devils 8 15 10 33

1st period

1. Hershey Bears , Brendan Gaunce 34 (Colby Cave 38, Nicolas Roy 35) at 9:59
2. Hershey Bears , Nicolas Roy 34 (Marian Studenic 25) at 17:01

Penalties :
Travis St. Denis (BEA) for Holding Stick (Minor) at 19:50

2nd period

3. Hershey Bears , Brett Howden 44 (Cory Conacher 75, Teddy Blueger 51) at 4:30
4. Lowell Devils , Morgan Geekie 25 (Matthew Phillips 21, Luca Sbisa 21) at 15:18
5. Hershey Bears , Boo Nieves 27 (Nick DeSimone 40, Dalton Prout 28) at 18:05

Penalties :
No Penalty

3rd period

6. Lowell Devils , Andrew Mangiapane 33 (Zach Whitecloud 2) at 1:11
7. Hershey Bears , Brendan Gaunce 35 (Igor Ozhiganov 34) at 3:09
8. Hershey Bears , Colby Cave 37 (Igor Ozhiganov 35) at 15:55

Penalties :
Gustav Forsling (DEV) for Holding (Minor) at 5:04, Travis St. Denis (BEA) for Holding (Minor) at 9:57, Carl Grundstrom (DEV) for Goalie Interference (Minor) at 10:04

Goalie Stats

Devin Williams (BEA), 31 saves from 33 shots - (0,939), W, 32-14-5, 60:00 minutes
Max Lagace (DEV), 34 saves from 40 shots - (0,850), L, 13-4-3, 60:00 minutes

Players Stats for Hershey Bears

Player Name              G  A  P  +/- PIM S  H  SB GA TA FO     MP     PP MP  PK MP  
------------------------------------------------------------------------------------
Boo Nieves               1  0  1   0  0   4  0  1  1  1  2/3     9:53   0:05   0:17 
Brendan Gaunce           2  0  2   3  0   4  2  1  3  0  6/12   18:01   0:47   0:46 
Brett Howden             1  0  1   0  0   1  0  2  6  0  25/38  20:10   1:14   0:00 
Brett Pollock            0  0  0   0  0   3  0  0  0  1  1/1     9:23   0:00   0:00 
Colby Cave               1  1  2   3  0   4  2  0  0  0  3/4    16:19   0:00   1:10 
Colby Sissons            0  0  0   1  0   0  0  3  0  0  0/0    14:15   0:00   0:00 
Cory Conacher            0  1  1   0  0   3  1  0  2  0  0/1    19:04   1:14   0:10 
Dalton Prout             0  1  1   1  0   1  1  2  0  3  0/0    24:28   0:37   1:18 
Igor Ozhiganov           0  2  2   2  0   1  2  2  0  2  0/0    21:29   0:37   0:48 
Marian Studenic          0  1  1   1  0   2  2  0  0  0  0/0    11:22   0:00   0:29 
Matheson Iacopelli       0  0  0   0  0   2  0  0  0  0  1/1     9:23   0:00   0:00 
Matt Donovan             0  0  0   2  0   2  0  0  0  0  0/0    21:17   1:29   0:48 
Nick DeSimone            0  1  1   1  0   2  3  2  0  1  0/0    24:29   1:29   1:18 
Nicolas Roy              1  1  2   1  0   4  2  0  0  0  1/2    11:50   0:00   0:10 
Riley Stillman           0  0  0   1  0   0  0  1  0  0  0/0    14:02   0:00   0:00 
Ross Colton              0  0  0   1  0   0  0  1  1  0  0/0    12:31   0:47   0:00 
Teddy Blueger            0  1  1   0  0   4  1  0  3  0  0/1    21:14   1:19   1:10 
Travis St. Denis         0  0  0   3  4   3  1  0  1  0  0/0    16:50   0:52   0:00 

Players Stats for Lowell Devils

Player Name              G  A  P  +/- PIM S  H  SB GA TA FO     MP     PP MP  PK MP  
------------------------------------------------------------------------------------
Adam Gaudette            0  0  0  -3  0   3  2  0  0  1  6/13   15:11   0:47   0:11 
Andrew Mangiapane        1  0  1   0  0   1  1  2  1  0  14/32  20:55   1:10   1:37 
Bogdan Kiselevich        0  0  0  -3  0   0  3  2  0  0  0/0    20:23   0:52   0:31 
Carl Grundstrom          0  0  0   0  2   4  2  1  1  2  0/7    20:38   1:18   1:35 
Cooper Marody            0  0  0   0  0   1  0  0  0  2  2/3    18:29   1:19   0:11 
Derek Barach             0  0  0  -1  0   3  3  1  2  0  1/4     9:46   0:00   0:00 
Dylan Coghlan            0  0  0  -3  0   3  2  0  0  0  0/0    20:23   0:52   0:31 
Gustav Forsling          0  0  0  -2  2   1  2  4  0  2  0/0    25:22   1:14   0:00 
Luca Sbisa               0  1  1   1  0   1  1  0  0  3  0/0    13:07   0:00   0:00 
Matthew Phillips         0  1  1   0  0   6  2  0  2  1  0/0    13:59   0:00   0:18 
Morgan Geekie            1  0  1   0  0   1  1  1  0  0  1/3    12:53   0:09   0:02 
Petrus Palmu             0  0  0  -1  0   0  0  0  0  0  0/0     9:46   0:00   0:00 
Sean Walker              0  0  0  -2  0   2  0  2  0  3  0/0    26:30   1:14   1:35 
Sheldon Rempal           0  0  0   0  0   5  1  0  1  0  0/1    14:10   0:00   0:18 
Sven Andrighetto         0  0  0  -3  0   1  0  0  1  0  0/0    15:00   0:47   0:00 
Trevor Smith             0  0  0  -3  0   1  3  0  0  2  0/0    15:00   0:47   0:00 
Vitaly Abramov           0  0  0  -1  0   0  0  0  0  1  0/0     9:46   0:00   0:00 
Zach Whitecloud          0  1  1   1  0   0  4  1  0  0  0/0    14:42   0:00   1:35 

3 Stars

1 - Brendan Gaunce (BEA)
2 - Colby Cave (BEA)
3 - Nicolas Roy (BEA)

Power Play

Hershey Bears - 0 on 2 Attempt(s) - 0,00%
Lowell Devils - 0 on 2 Attempt(s) - 0,00%

Penalty Kill

Hershey Bears - 2 on 2 Attempt(s) - 100,00% - Score 0 goal in Penalty Kill
Lowell Devils - 2 on 2 Attempt(s) - 100,00% - Score 0 goal in Penalty Kill

Team Stat

Hershey Bears - Hits : 17 - Faceoff Wins : 39 - Blocked Shots : 15 - Penalty Minutes : 4
Lowell Devils - Hits : 27 - Faceoff Wins : 24 - Blocked Shots : 14 - Penalty Minutes : 4

Official

Referees : Eric Furlatt and Francois StLaurent
Linesman : Trent Knorr and Michel Cormier

Game Notes

No Game Note

Finance

Level 1 -- Attendance: 1445 (72,25%) -- Ticket Income 50 575 $
Level 2 -- Attendance: 795 (79,50%) -- Ticket Income 11 925 $
Total Attendance: 2240 (74,67%)
Total Ticket Income: 62 500 $
Other Income: 30 625 $
Total Income: 93 125 $

Hershey Bears

5 vs 5 Forward 
   Center                   Left Wing                Right Wing               Time % Phy DF OF 
 1 Brett Howden             Cory Conacher            Teddy Blueger            40     0   1  4  
 2 Brendan Gaunce           Colby Cave               Travis St. Denis         30     0   1  4  
 3 Nicolas Roy              Ross Colton              Marian Studenic          20     0   2  3  
 4 Boo Nieves               Matheson Iacopelli       Brett Pollock            10     0   2  3  

5 vs 5 Defense 
   Defense                  Defense                                           Time % Phy DF OF 
 1 Dalton Prout             Nick DeSimone                                     42     0   2  3  
 2 Igor Ozhiganov           Matt Donovan                                      33     0   2  3  
 3 Riley Stillman           Colby Sissons                                     25     0   2  3  
 4 Nick DeSimone            Colby Sissons                                     0      1   2  2  

PowerPlay Forward 
   Center                   Left Wing                Right Wing               Time % Phy DF OF 
 1 Brett Howden             Teddy Blueger            Cory Conacher            60     0   0  5  
 2 Brendan Gaunce           Ross Colton              Travis St. Denis         40     0   1  4  

PowerPlay Defense
   Defense                  Defense                                           Time % Phy DF OF 
 1 Nick DeSimone            Matt Donovan                                      60     0   1  4  
 2 Dalton Prout             Igor Ozhiganov                                    40     0   1  4  

Penalty Kill 4 Players Forward 
   Center                   Wing                     Time % Phy DF OF 
 1 Colby Cave               Teddy Blueger            60     0   4  1  
 2 Boo Nieves               Brendan Gaunce           40     0   4  1  

Penalty Kill 4 Players Defense
   Defense                  Defense                  Time % Phy DF OF 
 1 Nick DeSimone            Dalton Prout             60     0   4  1  
 2 Matt Donovan             Igor Ozhiganov           40     0   4  1  

Penalty Kill - 3 Players Forward 
   Forward                                           Time % Phy DF OF 
 1 Teddy Blueger                                     60     0   5  0  
 2 Colby Cave                                        40     0   5  0  

Penalty Kill - 3 Players Defense
   Defense                  Defense                  Time % Phy DF OF 
 1 Nick DeSimone            Dalton Prout             60     1   4  0  
 2 Matt Donovan             Igor Ozhiganov           40     1   4  0  

4 vs 4 Forward 
   Center                   Wing                     Time % Phy DF OF 
 1 Brett Howden             Teddy Blueger            60     0   1  4  
 2 Brendan Gaunce           Nicolas Roy              40     0   2  3  

4 vs 4 Defense
   Defense                  Defense                  Time % Phy DF OF 
 1 Nick DeSimone            Matt Donovan             60     0   1  4  
 2 Dalton Prout             Igor Ozhiganov           40     0   2  3  

Last Minutes Offensive
   Center                   Left Wing                Right Wing               Defense                  Defense                  
   Ross Colton              Teddy Blueger            Cory Conacher            Nick DeSimone            Matt Donovan             

Last Minutes Defensive
   Center                   Left Wing                Right Wing               Defense                  Defense                  
   Brett Howden             Colby Cave               Teddy Blueger            Dalton Prout             Nick DeSimone            

Goaltenders
Starting : Devin Williams           
Backup : Mike McKenna             

Extra Forwards
Normal : Nicolas Roy, Boo Nieves, Marian Studenic - PP : Nicolas Roy, Boo Nieves - PK : Marian Studenic
Extra Defensemen
Normal : Riley Stillman, Colby Sissons, Matt Donovan - PP : Riley Stillman - PK : Dalton Prout, Matt Donovan
Penalty Shots
Colby Cave, Brendan Gaunce, Cory Conacher, Nicolas Roy, Travis St. Denis

Scratches
Parker Wotherspoon (Healthy), Etienne Marcoux (Healthy)

Lowell Devils

5 vs 5 Forward 
   Center                   Left Wing                Right Wing               Time % Phy DF OF 
 1 Andrew Mangiapane        Carl Grundstrom          Cooper Marody            40     1   2  2  
 2 Adam Gaudette            Trevor Smith             Sven Andrighetto         30     1   2  2  
 3 Morgan Geekie            Sheldon Rempal           Matthew Phillips         20     1   2  2  
 4 Derek Barach             Vitaly Abramov           Petrus Palmu             10     1   2  2  

5 vs 5 Defense 
   Defense                  Defense                                           Time % Phy DF OF 
 1 Gustav Forsling          Sean Walker                                       40     1   2  2  
 2 Dylan Coghlan            Bogdan Kiselevich                                 30     1   2  2  
 3 Luca Sbisa               Zach Whitecloud                                   20     1   2  2  
 4 Gustav Forsling          Sean Walker                                       10     1   2  2  

PowerPlay Forward 
   Center                   Left Wing                Right Wing               Time % Phy DF OF 
 1 Andrew Mangiapane        Carl Grundstrom          Cooper Marody            60     1   2  2  
 2 Adam Gaudette            Trevor Smith             Sven Andrighetto         40     1   2  2  

PowerPlay Defense
   Defense                  Defense                                           Time % Phy DF OF 
 1 Gustav Forsling          Sean Walker                                       60     1   2  2  
 2 Dylan Coghlan            Bogdan Kiselevich                                 40     1   2  2  

Penalty Kill 4 Players Forward 
   Center                   Wing                     Time % Phy DF OF 
 1 Carl Grundstrom          Andrew Mangiapane        60     1   2  2  
 2 Cooper Marody            Adam Gaudette            40     1   2  2  

Penalty Kill 4 Players Defense
   Defense                  Defense                  Time % Phy DF OF 
 1 Gustav Forsling          Sean Walker              60     1   2  2  
 2 Dylan Coghlan            Bogdan Kiselevich        40     1   2  2  

Penalty Kill - 3 Players Forward 
   Forward                                           Time % Phy DF OF 
 1 Carl Grundstrom                                   60     1   2  2  
 2 Andrew Mangiapane                                 40     1   2  2  

Penalty Kill - 3 Players Defense
   Defense                  Defense                  Time % Phy DF OF 
 1 Gustav Forsling          Sean Walker              60     1   2  2  
 2 Dylan Coghlan            Bogdan Kiselevich        40     1   2  2  

4 vs 4 Forward 
   Center                   Wing                     Time % Phy DF OF 
 1 Carl Grundstrom          Andrew Mangiapane        60     1   2  2  
 2 Cooper Marody            Adam Gaudette            40     1   2  2  

4 vs 4 Defense
   Defense                  Defense                  Time % Phy DF OF 
 1 Gustav Forsling          Sean Walker              60     1   2  2  
 2 Dylan Coghlan            Bogdan Kiselevich        40     1   2  2  

Last Minutes Offensive
   Center                   Left Wing                Right Wing               Defense                  Defense                  
   Andrew Mangiapane        Carl Grundstrom          Cooper Marody            Gustav Forsling          Sean Walker              

Last Minutes Defensive
   Center                   Left Wing                Right Wing               Defense                  Defense                  
   Andrew Mangiapane        Carl Grundstrom          Cooper Marody            Gustav Forsling          Sean Walker              

Goaltenders
Starting : Max Lagace               
Backup : Pavel Francouz           

Extra Forwards
Normal : Morgan Geekie, Sheldon Rempal, Matthew Phillips - PP : Morgan Geekie, Sheldon Rempal - PK : Matthew Phillips
Extra Defensemen
Normal : Luca Sbisa, Zach Whitecloud, Dylan Coghlan - PP : Luca Sbisa - PK : Zach Whitecloud, Dylan Coghlan
Penalty Shots
Carl Grundstrom, Andrew Mangiapane, Cooper Marody, Adam Gaudette, Trevor Smith

Scratches
Egor Yakovlev (Healthy), Daniel Brickley (Healthy), Michal Neuvirth (Healthy), Shane Starrett (Healthy)

% Time on Ice - Hershey Bears

Lines # - Real PCT - Wanted PCT - Time Play
Normal Forward
1 - 33% - 40% - 17:40
2 - 30% - 30% - 16:00
3 - 20% - 20% - 10:53
4 - 17% - 10% - 9:23
Normal Defense
1 - 38% - 42% - 20:41
2 - 35% - 33% - 19:00
3 - 26% - 25% - 14:02
4 - 0% - 0% - 0:13
PP Forward
1 - 63% - 60% - 1:19
2 - 37% - 40% - 0:47
PP Defense
1 - 71% - 60% - 1:29
2 - 29% - 40% - 0:37
PK Forward
1 - 87% - 60% - 1:49
2 - 13% - 40% - 0:17
PK Defense
1 - 62% - 60% - 1:18
2 - 38% - 40% - 0:48
PK3 Forward
1 - 0% - 60%
2 - 0% - 40%
PK3 Defense
1 - 0% - 60%
2 - 0% - 40%
44 Forward
1 - 75% - 60% - 1:24
2 - 25% - 40% - 0:28
44 Defense
1 - 43% - 60% - 0:48
2 - 57% - 40% - 1:04
Last Minute Offensive  - 0:00
Last Minute Defensive  - 0:00
Total
Forward - 60:00
Defense - 60:00

% Time on Ice - Lowell Devils

Lines # - Real PCT - Wanted PCT - Time Play
Normal Forward
1 - 34% - 40% - 18:13
2 - 26% - 30% - 14:13
3 - 22% - 20% - 11:44
4 - 18% - 10% - 9:46
Normal Defense
1 - 37% - 40% - 19:45
2 - 34% - 30% - 18:22
3 - 24% - 20% - 13:07
4 - 5% - 10% - 2:42
PP Forward
1 - 63% - 60% - 1:19
2 - 37% - 40% - 0:47
PP Defense
1 - 59% - 60% - 1:14
2 - 41% - 40% - 0:52
PK Forward
1 - 91% - 60% - 1:55
2 - 9% - 40% - 0:11
PK Defense
1 - 75% - 60% - 1:35
2 - 25% - 40% - 0:31
PK3 Forward
1 - 0% - 60%
2 - 0% - 40%
PK3 Defense
1 - 0% - 60%
2 - 0% - 40%
44 Forward
1 - 100% - 60% - 1:52
2 - 0% - 40% - 0:00
44 Defense
1 - 66% - 60% - 1:14
2 - 34% - 40% - 0:38
Last Minute Offensive  - 0:00
Last Minute Defensive  - 0:00
Total
Forward - 60:00
Defense - 60:00

Play-by-Play

1st period


0:01 of 1st period - Andrew Mangiapane wins face-off versus Teddy Blueger in neutral zone.
0:34 of 1st period - Wrist shot by Adam Gaudette.
0:34 of 1st period - Shot Misses the Net.
0:46 of 1st period - Wrist shot by Matthew Phillips.
0:46 of 1st period - Stopped by Devin Williams with a rebound.
0:50 of 1st period - Snap shot by Sheldon Rempal.
0:50 of 1st period - Shot Misses the Net.
1:20 of 1st period - Wrist shot by Brett Pollock.
1:20 of 1st period - Stopped by Max Lagace without a rebound.
1:21 of 1st period - Brett Howden wins face-off versus Andrew Mangiapane in Lowell Devils zone.
1:46 of 1st period - Riley Stillman is hit by Adam Gaudette and loses puck.
3:37 of 1st period - Snap shot by Marian Studenic.
3:37 of 1st period - Shot Blocked by Andrew Mangiapane.
3:39 of 1st period - Slapshot by Colby Sissons.
3:39 of 1st period - Shot Blocked by Zach Whitecloud.
4:05 of 1st period - Wrist shot by Morgan Geekie.
4:05 of 1st period - Shot Misses the Net.
4:19 of 1st period - Slapshot by Brendan Gaunce.
4:19 of 1st period - Stopped by Max Lagace without a rebound.
4:20 of 1st period - Andrew Mangiapane wins face-off versus Brendan Gaunce in Lowell Devils zone.
5:08 of 1st period - Sean Walker is hit by Nick DeSimone and loses puck.
6:08 of 1st period - Wrist shot by Adam Gaudette.
6:08 of 1st period - Shot Misses the Net.
6:25 of 1st period - Teddy Blueger is hit by Matthew Phillips and loses puck.
7:11 of 1st period - Snap shot by Andrew Mangiapane.
7:11 of 1st period - Shot Misses the Net.
7:44 of 1st period - Nick DeSimone is hit by Sheldon Rempal and loses puck.
7:49 of 1st period - Snap shot by Sheldon Rempal.
7:49 of 1st period - Shot Blocked by Nick DeSimone.
7:51 of 1st period - Slapshot by Dylan Coghlan.
7:51 of 1st period - Stopped by Devin Williams with a rebound.
7:53 of 1st period - Slapshot by Bogdan Kiselevich.
7:53 of 1st period - Shot Blocked by Boo Nieves.
7:55 of 1st period - Snap shot by Sheldon Rempal.
7:55 of 1st period - Stopped by Devin Williams with a rebound.
8:15 of 1st period - Boo Nieves is hit by Derek Barach and loses puck.
8:26 of 1st period - Brendan Gaunce is hit by Carl Grundstrom and loses puck.
8:33 of 1st period - Snap shot by Carl Grundstrom.
8:33 of 1st period - Stopped by Devin Williams without a rebound.
8:34 of 1st period - Brendan Gaunce wins face-off versus Adam Gaudette in Hershey Bears zone.
8:34 of 1st period - Brendan Gaunce is hit by Trevor Smith.
8:48 of 1st period - Snap shot by Adam Gaudette.
8:48 of 1st period - Shot Blocked by Colby Sissons.
9:02 of 1st period - Teddy Blueger is hit by Dylan Coghlan and loses puck.
9:11 of 1st period - Snap shot by Andrew Mangiapane.
9:11 of 1st period - Shot Blocked by Colby Sissons.
9:13 of 1st period - Snap shot by Cooper Marody.
9:13 of 1st period - Shot Blocked by Brett Howden.
9:57 of 1st period - Snap shot by Colby Cave.
9:57 of 1st period - Stopped by Max Lagace with a rebound.
9:59 of 1st period - Snap shot by Brendan Gaunce.
9:59 of 1st period - Goal by Brendan Gaunce - Hershey Bears : 1 - Lowell Devils : 0.
10:00 of 1st period - Brett Howden wins face-off versus Cooper Marody in neutral zone.
10:15 of 1st period - Slapshot by Cooper Marody.
10:15 of 1st period - Shot Misses the Net.
11:00 of 1st period - Slapshot by Brett Pollock.
11:00 of 1st period - Shot Misses the Net.
11:43 of 1st period - Snap shot by Cooper Marody.
11:43 of 1st period - Shot Misses the Net.
12:15 of 1st period - Icing by Colby Sissons.
12:16 of 1st period - Brett Pollock wins face-off versus Derek Barach in Hershey Bears zone.
12:38 of 1st period - Icing by Dalton Prout.
12:39 of 1st period - Boo Nieves wins face-off versus Carl Grundstrom in Hershey Bears zone.
12:59 of 1st period - Slapshot by Matheson Iacopelli.
12:59 of 1st period - Deflect By Boo Nieves.
12:59 of 1st period - Shot Misses the Net.
12:59 of 1st period - Puck is out of play.
13:00 of 1st period - Adam Gaudette wins face-off versus Brett Howden in Lowell Devils zone.
13:21 of 1st period - Matt Donovan is hit by Adam Gaudette and loses puck.
13:36 of 1st period - Off-side.
13:37 of 1st period - Brendan Gaunce wins face-off versus Andrew Mangiapane in neutral zone.
13:42 of 1st period - Wrist shot by Brendan Gaunce.
13:42 of 1st period - Shot Misses the Net.
14:06 of 1st period - Off-side.
14:07 of 1st period - Morgan Geekie wins face-off versus Cory Conacher in neutral zone.
14:10 of 1st period - Snap shot by Sheldon Rempal.
14:10 of 1st period - Shot Blocked by Colby Sissons.
14:12 of 1st period - Snap shot by Zach Whitecloud.
14:12 of 1st period - Deflect By Matthew Phillips.
14:12 of 1st period - Stopped by Devin Williams with a rebound.
14:37 of 1st period - Colby Cave is hit by Zach Whitecloud and loses puck.
14:54 of 1st period - Zach Whitecloud is hit by Nicolas Roy and loses puck.
15:01 of 1st period - Wrist shot by Nicolas Roy.
15:01 of 1st period - Stopped by Max Lagace with a rebound.
15:03 of 1st period - Snap shot by Marian Studenic.
15:03 of 1st period - Stopped by Max Lagace without a rebound.
15:04 of 1st period - Andrew Mangiapane wins face-off versus Brett Howden in Lowell Devils zone.
15:29 of 1st period - Marian Studenic is hit by Trevor Smith and loses puck.
15:52 of 1st period - Snap shot by Derek Barach.
15:52 of 1st period - Stopped by Devin Williams without a rebound.
15:53 of 1st period - Derek Barach wins face-off versus Brendan Gaunce in Hershey Bears zone.
16:06 of 1st period - Gustav Forsling is hit by Travis St. Denis and loses puck.
16:34 of 1st period - Brendan Gaunce is hit by Gustav Forsling and loses puck.
16:39 of 1st period - Wrist shot by Derek Barach.
16:39 of 1st period - Stopped by Devin Williams without a rebound.
16:40 of 1st period - Andrew Mangiapane wins face-off versus Brett Howden in Hershey Bears zone.
16:43 of 1st period - Wrist shot by Carl Grundstrom.
16:43 of 1st period - Shot Blocked by Brett Howden.
16:51 of 1st period - Snap shot by Cory Conacher.
16:51 of 1st period - Shot Blocked by Bogdan Kiselevich.
16:53 of 1st period - Snap shot by Cory Conacher.
16:53 of 1st period - Stopped by Max Lagace with a rebound.
16:55 of 1st period - Backhand shot by Teddy Blueger.
16:55 of 1st period - Stopped by Max Lagace without a rebound.
16:56 of 1st period - Nicolas Roy wins face-off versus Adam Gaudette in Lowell Devils zone.
16:57 of 1st period - Snap shot by Marian Studenic.
16:57 of 1st period - Shot Misses the Net.
16:59 of 1st period - Slapshot by Marian Studenic.
16:59 of 1st period - Stopped by Max Lagace with a rebound.
17:01 of 1st period - Wrist shot by Nicolas Roy.
17:01 of 1st period - Goal by Nicolas Roy - Hershey Bears : 2 - Lowell Devils : 0.
17:02 of 1st period - Brett Howden wins face-off versus Andrew Mangiapane in neutral zone.
17:40 of 1st period - Wrist shot by Andrew Mangiapane.
17:40 of 1st period - Shot Blocked by Brendan Gaunce.
17:54 of 1st period - Snap shot by Carl Grundstrom.
17:54 of 1st period - Deflect By Andrew Mangiapane.
17:54 of 1st period - Shot Blocked by Nick DeSimone.
17:54 of 1st period - Puck is out of play.
17:55 of 1st period - Adam Gaudette wins face-off versus Brett Howden in Hershey Bears zone.
18:28 of 1st period - Wrist shot by Nicolas Roy.
18:28 of 1st period - Stopped by Max Lagace with a rebound.
18:40 of 1st period - Snap shot by Boo Nieves.
18:40 of 1st period - Stopped by Max Lagace with a rebound.
19:10 of 1st period - Snap shot by Adam Gaudette.
19:10 of 1st period - Stopped by Devin Williams without a rebound.
19:11 of 1st period - Adam Gaudette wins face-off versus Brendan Gaunce in Hershey Bears zone.
19:12 of 1st period - Wrist shot by Sven Andrighetto.
19:12 of 1st period - Shot Misses the Net.
19:38 of 1st period - Colby Sissons is hit by Dylan Coghlan and loses puck.
19:50 of 1st period - Minor Penalty to Travis St. Denis for Holding Stick.
19:51 of 1st period - Colby Cave wins face-off versus Andrew Mangiapane in Hershey Bears zone.
Goals for this period are 2 for Hershey Bears vs 0 for Lowell Devils.
Shots for this period are 12 for Hershey Bears vs 8 for Lowell Devils.

2nd period


0:01 of 2nd period - Andrew Mangiapane wins face-off versus Colby Cave in neutral zone.
1:50 of 2nd period - Penalty to Travis St. Denis is over, Travis St. Denis is back on ice.
2:20 of 2nd period - Luca Sbisa is hit by Marian Studenic and loses puck.
3:06 of 2nd period - Brendan Gaunce is hit by Morgan Geekie and loses puck.
3:14 of 2nd period - Icing by Colby Cave.
3:15 of 2nd period - Andrew Mangiapane wins face-off versus Nicolas Roy in Hershey Bears zone.
3:39 of 2nd period - Nicolas Roy is hit by Andrew Mangiapane and loses puck.
3:44 of 2nd period - Wrist shot by Cooper Marody.
3:44 of 2nd period - Shot Misses the Net.
3:46 of 2nd period - Snap shot by Andrew Mangiapane.
3:46 of 2nd period - Deflect By Carl Grundstrom.
3:46 of 2nd period - Stopped by Devin Williams without a rebound.
3:47 of 2nd period - Brett Howden wins face-off versus Adam Gaudette in Hershey Bears zone.
3:52 of 2nd period - Bogdan Kiselevich is hit by Dalton Prout and loses puck.
4:18 of 2nd period - Slapshot by Colby Cave.
4:18 of 2nd period - Deflect By Gustav Forsling.
4:18 of 2nd period - Stopped by Max Lagace with a rebound.
4:20 of 2nd period - Snap shot by Colby Cave.
4:20 of 2nd period - Deflect By Brendan Gaunce.
4:20 of 2nd period - Shot Misses the Net.
4:20 of 2nd period - Puck is out of play.
4:21 of 2nd period - Cooper Marody wins face-off versus Brett Howden in Lowell Devils zone.
4:21 of 2nd period - Cooper Marody is hit by Teddy Blueger.
4:30 of 2nd period - Snap shot by Cory Conacher.
4:30 of 2nd period - Deflect By Brett Howden.
4:30 of 2nd period - Goal by Brett Howden - Hershey Bears : 3 - Lowell Devils : 0.
4:31 of 2nd period - Cooper Marody wins face-off versus Brett Howden in neutral zone.
5:00 of 2nd period - Slapshot by Nicolas Roy.
5:00 of 2nd period - Stopped by Max Lagace with a rebound.
5:02 of 2nd period - Snap shot by Ross Colton.
5:02 of 2nd period - Shot Blocked by Sean Walker.
5:11 of 2nd period - Icing by Adam Gaudette.
5:12 of 2nd period - Adam Gaudette wins face-off versus Brendan Gaunce in Lowell Devils zone.
5:23 of 2nd period - Off-side.
5:24 of 2nd period - Brett Howden wins face-off versus Andrew Mangiapane in neutral zone.
6:15 of 2nd period - Icing by Teddy Blueger.
6:16 of 2nd period - Brett Howden wins face-off versus Derek Barach in Hershey Bears zone.
6:16 of 2nd period - Brett Howden is hit by Gustav Forsling.
6:46 of 2nd period - Wrist shot by Brett Howden.
6:46 of 2nd period - Shot Blocked by Gustav Forsling.
6:48 of 2nd period - Snap shot by Igor Ozhiganov.
6:48 of 2nd period - Stopped by Max Lagace without a rebound.
6:49 of 2nd period - Andrew Mangiapane wins face-off versus Brendan Gaunce in Lowell Devils zone.
6:54 of 2nd period - Snap shot by Brendan Gaunce.
6:54 of 2nd period - Shot Misses the Net.
7:16 of 2nd period - Dalton Prout is hit by Trevor Smith.
7:26 of 2nd period - Slapshot by Adam Gaudette.
7:26 of 2nd period - Deflect By Trevor Smith.
7:26 of 2nd period - Stopped by Devin Williams with a rebound.
7:28 of 2nd period - Snap shot by Trevor Smith.
7:28 of 2nd period - Shot Misses the Net.
7:40 of 2nd period - Brett Pollock is hit by Matthew Phillips and loses puck.
8:24 of 2nd period - Wrist shot by Carl Grundstrom.
8:24 of 2nd period - Shot Misses the Net.
8:26 of 2nd period - Snap shot by Cooper Marody.
8:26 of 2nd period - Shot Misses the Net.
8:36 of 2nd period - Marian Studenic is hit by Luca Sbisa and loses puck.
9:11 of 2nd period - Snap shot by Colby Cave.
9:11 of 2nd period - Stopped by Max Lagace with a rebound.
10:15 of 2nd period - Snap shot by Carl Grundstrom.
10:15 of 2nd period - Stopped by Devin Williams with a rebound.
10:43 of 2nd period - Wrist shot by Sven Andrighetto.
10:43 of 2nd period - Stopped by Devin Williams with a rebound.
10:57 of 2nd period - Snap shot by Sheldon Rempal.
10:57 of 2nd period - Stopped by Devin Williams without a rebound.
10:58 of 2nd period - Matheson Iacopelli wins face-off versus Morgan Geekie in Hershey Bears zone.
11:17 of 2nd period - Snap shot by Matthew Phillips.
11:17 of 2nd period - Shot Misses the Net.
11:19 of 2nd period - Slapshot by Matthew Phillips.
11:19 of 2nd period - Stopped by Devin Williams with a rebound.
11:21 of 2nd period - Snap shot by Morgan Geekie.
11:21 of 2nd period - Shot Hit the Post.
11:37 of 2nd period - Wrist shot by Morgan Geekie.
11:37 of 2nd period - Shot Misses the Net.
11:39 of 2nd period - Slapshot by Dylan Coghlan.
11:39 of 2nd period - Stopped by Devin Williams with a rebound.
11:41 of 2nd period - Snap shot by Morgan Geekie.
11:41 of 2nd period - Shot Misses the Net.
11:47 of 2nd period - Snap shot by Sheldon Rempal.
11:47 of 2nd period - Stopped by Devin Williams with a rebound.
11:49 of 2nd period - Slapshot by Dylan Coghlan.
11:49 of 2nd period - Stopped by Devin Williams with a rebound.
11:51 of 2nd period - Slapshot by Bogdan Kiselevich.
11:51 of 2nd period - Shot Misses the Net.
11:59 of 2nd period - Snap shot by Sheldon Rempal.
11:59 of 2nd period - Deflect By Colby Cave.
11:59 of 2nd period - Shot Misses the Net.
11:59 of 2nd period - Puck is out of play.
12:00 of 2nd period - Brett Howden wins face-off versus Andrew Mangiapane in Hershey Bears zone.
12:34 of 2nd period - Off-side.
12:35 of 2nd period - Brett Howden wins face-off versus Adam Gaudette in neutral zone.
13:11 of 2nd period - Wrist shot by Cooper Marody.
13:11 of 2nd period - Shot Blocked by Igor Ozhiganov.
14:04 of 2nd period - Slapshot by Nick DeSimone.
14:04 of 2nd period - Stopped by Max Lagace with a rebound.
14:10 of 2nd period - Backhand shot by Boo Nieves.
14:10 of 2nd period - Stopped by Max Lagace with a rebound.
14:51 of 2nd period - Nicolas Roy is hit by Derek Barach and loses puck.
15:14 of 2nd period - Wrist shot by Matthew Phillips.
15:14 of 2nd period - Stopped by Devin Williams with a rebound.
15:16 of 2nd period - Slapshot by Luca Sbisa.
15:16 of 2nd period - Stopped by Devin Williams with a rebound.
15:18 of 2nd period - Snap shot by Matthew Phillips.
15:18 of 2nd period - Deflect By Morgan Geekie.
15:18 of 2nd period - Goal by Morgan Geekie - Hershey Bears : 3 - Lowell Devils : 1.
15:19 of 2nd period - Andrew Mangiapane wins face-off versus Brett Howden in neutral zone.
15:22 of 2nd period - Wrist shot by Andrew Mangiapane.
15:22 of 2nd period - Shot Misses the Net.
15:24 of 2nd period - Snap shot by Cooper Marody.
15:24 of 2nd period - Shot Blocked by Dalton Prout.
15:34 of 2nd period - Snap shot by Carl Grundstrom.
15:34 of 2nd period - Stopped by Devin Williams with a rebound.
15:44 of 2nd period - Adam Gaudette is hit by Brendan Gaunce and loses puck.
16:21 of 2nd period - Zach Whitecloud is hit by Igor Ozhiganov and loses puck.
16:38 of 2nd period - Teddy Blueger is hit by Zach Whitecloud and loses puck.
16:53 of 2nd period - Boo Nieves is hit by Derek Barach and loses puck.
16:58 of 2nd period - Snap shot by Derek Barach.
16:58 of 2nd period - Deflect By Vitaly Abramov.
16:58 of 2nd period - Shot Misses the Net.
16:58 of 2nd period - Puck is out of play.
16:59 of 2nd period - Brendan Gaunce wins face-off versus Andrew Mangiapane in Hershey Bears zone.
17:06 of 2nd period - Wrist shot by Brendan Gaunce.
17:06 of 2nd period - Stopped by Max Lagace with a rebound.
17:08 of 2nd period - Snap shot by Travis St. Denis.
17:08 of 2nd period - Stopped by Max Lagace without a rebound.
17:09 of 2nd period - Brendan Gaunce wins face-off versus Andrew Mangiapane in Lowell Devils zone.
17:12 of 2nd period - Wrist shot by Travis St. Denis.
17:12 of 2nd period - Stopped by Max Lagace without a rebound.
17:13 of 2nd period - Brett Howden wins face-off versus Andrew Mangiapane in Lowell Devils zone.
17:28 of 2nd period - Snap shot by Cory Conacher.
17:28 of 2nd period - Shot Blocked by Gustav Forsling.
17:40 of 2nd period - Adam Gaudette is hit by Colby Cave and loses puck.
18:05 of 2nd period - Snap shot by Boo Nieves.
18:05 of 2nd period - Goal by Boo Nieves - Hershey Bears : 4 - Lowell Devils : 1.
18:06 of 2nd period - Brett Howden wins face-off versus Andrew Mangiapane in neutral zone.
18:13 of 2nd period - Slapshot by Cory Conacher.
18:13 of 2nd period - Stopped by Max Lagace with a rebound.
18:15 of 2nd period - Wrist shot by Teddy Blueger.
18:15 of 2nd period - Shot Misses the Net.
18:17 of 2nd period - Snap shot by Matt Donovan.
18:17 of 2nd period - Stopped by Max Lagace without a rebound.
18:18 of 2nd period - Brett Howden wins face-off versus Andrew Mangiapane in Lowell Devils zone.
18:31 of 2nd period - Snap shot by Carl Grundstrom.
18:31 of 2nd period - Deflect By Cooper Marody.
18:31 of 2nd period - Shot Hit the Post.
18:31 of 2nd period - Puck is out of play.
18:32 of 2nd period - Andrew Mangiapane wins face-off versus Brett Howden in Hershey Bears zone.
18:43 of 2nd period - Icing by Gustav Forsling.
18:44 of 2nd period - Andrew Mangiapane wins face-off versus Brett Howden in Lowell Devils zone.
18:57 of 2nd period - Cory Conacher is hit by Carl Grundstrom and loses puck.
19:22 of 2nd period - Wrist shot by Adam Gaudette.
19:22 of 2nd period - Stopped by Devin Williams without a rebound.
19:23 of 2nd period - Brendan Gaunce wins face-off versus Adam Gaudette in Hershey Bears zone.
19:48 of 2nd period - Backhand shot by Adam Gaudette.
19:48 of 2nd period - Stopped by Devin Williams with a rebound.
19:58 of 2nd period - Slapshot by Matt Donovan.
19:58 of 2nd period - Deflect By Brendan Gaunce.
19:58 of 2nd period - Shot Blocked by Bogdan Kiselevich.
19:58 of 2nd period - Puck is out of play.
19:59 of 2nd period - Andrew Mangiapane wins face-off versus Brett Howden in Lowell Devils zone.
Goals for this period are 2 for Hershey Bears vs 1 for Lowell Devils.
Shots for this period are 13 for Hershey Bears vs 15 for Lowell Devils.

3rd period


0:01 of 3rd period - Brett Howden wins face-off versus Andrew Mangiapane in neutral zone.
0:25 of 3rd period - Sean Walker is hit by Nick DeSimone and loses puck.
0:48 of 3rd period - Sheldon Rempal is hit by Igor Ozhiganov and loses puck.
0:59 of 3rd period - Snap shot by Nicolas Roy.
0:59 of 3rd period - Shot Blocked by Morgan Geekie.
1:11 of 3rd period - Snap shot by Andrew Mangiapane.
1:11 of 3rd period - Goal by Andrew Mangiapane - Hershey Bears : 4 - Lowell Devils : 2.
1:12 of 3rd period - Brett Howden wins face-off versus Andrew Mangiapane in neutral zone.
1:15 of 3rd period - Slapshot by Dalton Prout.
1:15 of 3rd period - Stopped by Max Lagace without a rebound.
1:16 of 3rd period - Brett Howden wins face-off versus Andrew Mangiapane in Lowell Devils zone.
1:50 of 3rd period - Wrist shot by Brendan Gaunce.
1:50 of 3rd period - Shot Blocked by Sean Walker.
2:06 of 3rd period - Slapshot by Dylan Coghlan.
2:06 of 3rd period - Shot Blocked by Dalton Prout.
2:12 of 3rd period - Nick DeSimone is hit by Bogdan Kiselevich and loses puck.
2:58 of 3rd period - Marian Studenic is hit by Bogdan Kiselevich and loses puck.
3:09 of 3rd period - Snap shot by Brendan Gaunce.
3:09 of 3rd period - Goal by Brendan Gaunce - Hershey Bears : 5 - Lowell Devils : 2.
3:10 of 3rd period - Brett Howden wins face-off versus Carl Grundstrom in neutral zone.
3:19 of 3rd period - Slapshot by Cooper Marody.
3:19 of 3rd period - Shot Misses the Net.
3:21 of 3rd period - Snap shot by Carl Grundstrom.
3:21 of 3rd period - Deflect By Cooper Marody.
3:21 of 3rd period - Shot Misses the Net.
3:21 of 3rd period - Puck is out of play.
3:22 of 3rd period - Andrew Mangiapane wins face-off versus Brett Howden in Hershey Bears zone.
4:12 of 3rd period - Snap shot by Morgan Geekie.
4:12 of 3rd period - Shot Misses the Net.
4:14 of 3rd period - Slapshot by Gustav Forsling.
4:14 of 3rd period - Deflect By Sheldon Rempal.
4:14 of 3rd period - Stopped by Devin Williams with a rebound.
4:16 of 3rd period - Slapshot by Gustav Forsling.
4:16 of 3rd period - Stopped by Devin Williams without a rebound.
4:17 of 3rd period - Andrew Mangiapane wins face-off versus Brett Howden in Hershey Bears zone.
4:22 of 3rd period - Wrist shot by Cooper Marody.
4:22 of 3rd period - Shot Blocked by Igor Ozhiganov.
4:28 of 3rd period - Snap shot by Igor Ozhiganov.
4:28 of 3rd period - Shot Misses the Net.
4:30 of 3rd period - Wrist shot by Teddy Blueger.
4:30 of 3rd period - Shot Misses the Net.
4:32 of 3rd period - Wrist shot by Cory Conacher.
4:32 of 3rd period - Stopped by Max Lagace with a rebound.
4:56 of 3rd period - Off-side.
4:57 of 3rd period - Brett Howden wins face-off versus Adam Gaudette in neutral zone.
5:02 of 3rd period - Slapshot by Teddy Blueger.
5:02 of 3rd period - Stopped by Max Lagace with a rebound.
5:04 of 3rd period - Minor Penalty to Gustav Forsling for Holding.
5:05 of 3rd period - Brett Howden wins face-off versus Carl Grundstrom in Lowell Devils zone.
5:37 of 3rd period - Snap shot by Travis St. Denis.
5:37 of 3rd period - Stopped by Max Lagace without a rebound.
5:38 of 3rd period - Brendan Gaunce wins face-off versus Carl Grundstrom in Lowell Devils zone.
5:39 of 3rd period - Slapshot by Travis St. Denis.
5:39 of 3rd period - Shot Misses the Net.
5:43 of 3rd period - Wrist shot by Brendan Gaunce.
5:43 of 3rd period - Shot Misses the Net.
5:45 of 3rd period - Snap shot by Brendan Gaunce.
5:45 of 3rd period - Shot Misses the Net.
5:47 of 3rd period - Snap shot by Dalton Prout.
5:47 of 3rd period - Deflect By Brendan Gaunce.
5:47 of 3rd period - Shot Misses the Net.
5:47 of 3rd period - Puck is out of play.
5:48 of 3rd period - Brett Howden wins face-off versus Carl Grundstrom in Lowell Devils zone.
5:49 of 3rd period - Wrist shot by Cory Conacher.
5:49 of 3rd period - Shot Misses the Net.
5:51 of 3rd period - Wrist shot by Teddy Blueger.
5:51 of 3rd period - Deflect By Brett Howden.
5:51 of 3rd period - Shot Misses the Net.
5:51 of 3rd period - Puck is out of play.
5:52 of 3rd period - Brett Howden wins face-off versus Carl Grundstrom in Lowell Devils zone.
5:59 of 3rd period - Snap shot by Cory Conacher.
5:59 of 3rd period - Shot Blocked by Andrew Mangiapane.
6:01 of 3rd period - Wrist shot by Teddy Blueger.
6:01 of 3rd period - Shot Misses the Net.
6:03 of 3rd period - Snap shot by Teddy Blueger.
6:03 of 3rd period - Stopped by Max Lagace with a rebound.
6:05 of 3rd period - Wrist shot by Teddy Blueger.
6:05 of 3rd period - Stopped by Max Lagace without a rebound.
6:06 of 3rd period - Brett Howden wins face-off versus Carl Grundstrom in Lowell Devils zone.
7:04 of 3rd period - Penalty to Gustav Forsling is over, Gustav Forsling is back on ice.
7:04 of 3rd period - Dalton Prout is hit by Bogdan Kiselevich and loses puck.
7:11 of 3rd period - Snap shot by Sheldon Rempal.
7:11 of 3rd period - Stopped by Devin Williams with a rebound.
7:41 of 3rd period - Dylan Coghlan is hit by Marian Studenic and loses puck.
8:31 of 3rd period - Snap shot by Brett Howden.
8:31 of 3rd period - Shot Misses the Net.
9:02 of 3rd period - Slapshot by Nick DeSimone.
9:02 of 3rd period - Stopped by Max Lagace with a rebound.
9:20 of 3rd period - Off-side.
9:21 of 3rd period - Colby Cave wins face-off versus Derek Barach in neutral zone.
9:30 of 3rd period - Wrist shot by Brendan Gaunce.
9:30 of 3rd period - Shot Blocked by Derek Barach.
9:57 of 3rd period - Minor Penalty to Travis St. Denis for Holding.
9:58 of 3rd period - Colby Cave wins face-off versus Andrew Mangiapane in Hershey Bears zone.
10:04 of 3rd period - Minor Penalty to Carl Grundstrom for Goalie Interference.
10:05 of 3rd period - Brett Howden wins face-off versus Morgan Geekie in Lowell Devils zone.
11:03 of 3rd period - Icing by Teddy Blueger.
11:04 of 3rd period - Brett Howden wins face-off versus Sheldon Rempal in Hershey Bears zone.
11:37 of 3rd period - Matthew Phillips is hit by Nicolas Roy and loses puck.
11:57 of 3rd period - Penalty to Travis St. Denis is over, Travis St. Denis is back on ice.
12:04 of 3rd period - Penalty to Carl Grundstrom is over, Carl Grundstrom is back on ice.
12:49 of 3rd period - Off-side.
12:50 of 3rd period - Adam Gaudette wins face-off versus Boo Nieves in neutral zone.
13:23 of 3rd period - Snap shot by Matheson Iacopelli.
13:23 of 3rd period - Stopped by Max Lagace without a rebound.
13:24 of 3rd period - Brett Howden wins face-off versus Adam Gaudette in Lowell Devils zone.
14:01 of 3rd period - Wrist shot by Carl Grundstrom.
14:01 of 3rd period - Shot Blocked by Riley Stillman.
14:03 of 3rd period - Snap shot by Gustav Forsling.
14:03 of 3rd period - Shot Hit the Post.
14:15 of 3rd period - Dylan Coghlan is hit by Colby Cave and loses puck.
14:54 of 3rd period - Boo Nieves is hit by Zach Whitecloud and loses puck.
15:07 of 3rd period - Bogdan Kiselevich is hit by Nick DeSimone and loses puck.
15:48 of 3rd period - Dylan Coghlan is hit by Brendan Gaunce and loses puck.
15:55 of 3rd period - Wrist shot by Colby Cave.
15:55 of 3rd period - Goal by Colby Cave - Hershey Bears : 6 - Lowell Devils : 2.
15:56 of 3rd period - Brett Howden wins face-off versus Andrew Mangiapane in neutral zone.
16:46 of 3rd period - Backhand shot by Matthew Phillips.
16:46 of 3rd period - Stopped by Devin Williams with a rebound.
16:48 of 3rd period - Slapshot by Sean Walker.
16:48 of 3rd period - Stopped by Devin Williams with a rebound.
16:50 of 3rd period - Slapshot by Sean Walker.
16:50 of 3rd period - Stopped by Devin Williams with a rebound.
16:54 of 3rd period - Wrist shot by Sheldon Rempal.
16:54 of 3rd period - Shot Blocked by Ross Colton.
17:14 of 3rd period - Wrist shot by Derek Barach.
17:14 of 3rd period - Stopped by Devin Williams with a rebound.
17:56 of 3rd period - Snap shot by Matthew Phillips.
17:56 of 3rd period - Shot Misses the Net.
17:58 of 3rd period - Wrist shot by Sheldon Rempal.
17:58 of 3rd period - Shot Misses the Net.
18:00 of 3rd period - Wrist shot by Matthew Phillips.
18:00 of 3rd period - Stopped by Devin Williams without a rebound.
18:01 of 3rd period - Andrew Mangiapane wins face-off versus Brendan Gaunce in Hershey Bears zone.
18:02 of 3rd period - Wrist shot by Cooper Marody.
18:02 of 3rd period - Stopped by Devin Williams with a rebound.
18:26 of 3rd period - Luca Sbisa is hit by Cory Conacher.
18:36 of 3rd period - Teddy Blueger is hit by Zach Whitecloud and loses puck.
18:49 of 3rd period - Snap shot by Boo Nieves.
18:49 of 3rd period - Shot Misses the Net.
18:51 of 3rd period - Slapshot by Matt Donovan.
18:51 of 3rd period - Shot Misses the Net.
18:53 of 3rd period - Snap shot by Boo Nieves.
18:53 of 3rd period - Deflect By Sven Andrighetto.
18:53 of 3rd period - Shot Misses the Net.
18:53 of 3rd period - Puck is out of play.
18:54 of 3rd period - Boo Nieves wins face-off versus Andrew Mangiapane in Lowell Devils zone.
19:01 of 3rd period - Snap shot by Brett Pollock.
19:01 of 3rd period - Shot Misses the Net.
19:03 of 3rd period - Snap shot by Brett Pollock.
19:03 of 3rd period - Shot Blocked by Carl Grundstrom.
19:05 of 3rd period - Wrist shot by Brett Pollock.
19:05 of 3rd period - Stopped by Max Lagace with a rebound.
19:07 of 3rd period - Snap shot by Brett Pollock.
19:07 of 3rd period - Stopped by Max Lagace with a rebound.
19:21 of 3rd period - Slapshot by Matt Donovan.
19:21 of 3rd period - Stopped by Max Lagace with a rebound.
19:23 of 3rd period - Snap shot by Matheson Iacopelli.
19:23 of 3rd period - Stopped by Max Lagace with a rebound.
19:25 of 3rd period - Slapshot by Matheson Iacopelli.
19:25 of 3rd period - Shot Blocked by Gustav Forsling.
19:27 of 3rd period - Snap shot by Matheson Iacopelli.
19:27 of 3rd period - Shot Misses the Net.
19:29 of 3rd period - Snap shot by Boo Nieves.
19:29 of 3rd period - Shot Blocked by Gustav Forsling.
19:31 of 3rd period - Snap shot by Matheson Iacopelli.
19:31 of 3rd period - Shot Misses the Net.
19:33 of 3rd period - Wrist shot by Boo Nieves.
19:33 of 3rd period - Shot Misses the Net.
19:35 of 3rd period - Slapshot by Matt Donovan.
19:35 of 3rd period - Deflect By Boo Nieves.
19:35 of 3rd period - Stopped by Max Lagace without a rebound.
19:36 of 3rd period - Adam Gaudette wins face-off versus Brett Howden in Lowell Devils zone.
19:48 of 3rd period - Off-side.
19:49 of 3rd period - Brett Howden wins face-off versus Andrew Mangiapane in neutral zone.
Goals for this period are 2 for Hershey Bears vs 1 for Lowell Devils.
Shots for this period are 15 for Hershey Bears vs 10 for Lowell Devils.